 Dungeon Crawl Stone Soup version 0.27.1-3-gb3d3a73c9e (webtiles) character file.

Game seed: 6248999541525796099

975 sking99 the Insei (level 8, -4/58 HPs)
             Began as a Djinni Transmuter on Oct 13, 2021.
             Was a Believer of Dithmenos.
             Slain by a sky beast (5 damage)
             ... on level 5 of the Dungeon.
             The game lasted 00:18:13 (7875 turns).

sking99 the Insei (Djinni Transmuter)               Turns: 7875, Time: 00:18:14

Health: -4/58      AC:  2    Str: 11    XL:     8   Next: 39%
Gold:   165        EV: 12    Int: 14    God:    Dithmenos [**....] SH:  0 Dex: 15

rFire    + + .     SeeInvis .     - Unarmed
rCold    x . .     Faith    .   (no shield)
rNeg     . . .     Spirit   .   a - +0 robe
rPois    ∞         Reflect  .   (no helmet)
rElec    .         Harm     .   (no cloak)
rCorr    .         Rampage  .   (no gloves)
Will     .....                  (boots unavailable)
Stlth    ++........             (no amulet)
HPRegen  0.19/turn              (no ring)
MPRegen  0.00/turn              (no ring)

@: freezing walls, flying, very slightly contaminated, wreathed by umbra
A: sickness immunity, fire resistance 2, cold vulnerability 1, float, innate
caster, hp casting, extra vitality 1
a: Renounce Religion, Shadow Step


You were on level 5 of the Dungeon.
You worshipped Dithmenos.
Dithmenos was pleased with you.
You visited 1 branch of the dungeon, and saw 5 of its levels.

You collected 165 gold pieces.

Inventory:

Armour
 a - a +0 robe (worn)
 b - a +0 tower shield
Wands
 m - a wand of flame (21)
Scrolls
 d - 2 scrolls of enchant armour {unknown}
 e - 2 scrolls of teleportation {unknown}
 f - a scroll of amnesia {unknown}
 h - a scroll of fear {unknown}
 i - a scroll of immolation {unknown}
 j - 4 scrolls of identify {unknown}
 l - a scroll of fog {unknown}
 n - 2 scrolls of noise {unknown}
 o - a scroll of silence {unknown}
 r - a scroll of enchant weapon {unknown}
Potions
 c - a potion of ambrosia {unknown}
 g - 3 potions of curing {unknown}
 k - a potion of might {unknown}
 p - 2 potions of resistance {unknown}
 q - 2 potions of mutation {unknown}
 s - a potion of attraction {unknown}


   Skills:
 + Level 4.6 Fighting
 - Level 2.1 Dodging
 * Level 7.3 Unarmed Combat
 - Level 3.4 Spellcasting


You couldn't memorise any spells.
You knew the following spells:

 Your Spells              Type           Power      Damage    Failure   Level
a - Beastly Appendage     Tmut           24%        N/A       4%          1
b - Wereblood             Tmut           12%        N/A       8%          2
c - Spider Form           Tmut/Pois      6%         N/A       14%         3
d - Frozen Ramparts       Ice            24%        1d4       14%         3
e - Ice Form              Ice/Tmut       12%        N/A       43%         4
f - Apportation           Tloc           24%        N/A       4%          1
z - Blink                 Tloc           N/A        N/A       8%          2
Your spell library was empty.

Dungeon Overview and Level Annotations

Branches:
Dungeon (5/15)
 Temple: D:4-7

Altars:
Dithmenos
Qazlal
Trog
Yredelemnul

Shops:
D:1 *


Innate Abilities, Weirdness & Mutations

You are immune to sickness and miasma.
You are immune to poison.
Your flesh is very heat resistant. (rF++)
You are vulnerable to cold. (rC-)
You float through the air rather than walking.
You learn spells naturally, not from books.
Your magical power is your life essence.
You have superior vitality. (+4 HP)


Message History

You barely miss the sky beast.
The sky beast is severely wounded.
The sky beast hits you.
* * * LOW HITPOINT WARNING * * *
The sky beast shocks you.
* * * LOW HITPOINT WARNING * * *
Casting: Spider Form (dangerous; 14% risk of failure)
Confirm with . or Enter, or press ? or * to list all spells.
Casting: Frozen Ramparts (dangerous; 14% risk of failure)
Press: ? - help, Dir - look around, f - activate This square is wreathed by an umbra.
Okay, then.
Press: ? - help, v - describe, . - travel The floor.
This square is wreathed by an umbra.
Casting: Frozen Ramparts (dangerous; 14% risk of failure)
Confirm with . or Enter, or press ? or * to list all spells.
Casting: Frozen Ramparts (dangerous; 14% risk of failure)
Press: ? - help, Dir - look around, f - activate This square is wreathed by an umbra.
You miscast Frozen Ramparts.
You are very lightly contaminated with residual magic.
Nothing appears to happen.
* * * LOW HITPOINT WARNING * * *
The sky beast misses you.
Casting: Frozen Ramparts (dangerous; 14% risk of failure)
Confirm with . or Enter, or press ? or * to list all spells.
Casting: Frozen Ramparts (dangerous; 14% risk of failure)
Press: ? - help, Dir - look around, f - activate This square is wreathed by an umbra.
The walls around you are covered in ice.
* * * LOW HITPOINT WARNING * * *
The wall freezes the sky beast.
The sky beast closely misses you.
You completely miss the sky beast.
You punch the sky beast, but do no damage.
The sky beast is heavily wounded.
The wall freezes the sky beast.
The sky beast hits you.
* * * LOW HITPOINT WARNING * * *
The sky beast shocks you.
You die...

# #. ## #. #. ... #.#
# #.######.#
....##.......( . ##
#.#.##.....# ###. #..
....#.....#....
#.###.##.<........
#..#...@Y....# #.# #
#.#.#.##.....# #.# .
#.....####.#####.# #
###.### ####'..# #.#
#...#..# #.# #._.##.#
#.#######...##.#
#.......#§§≈##.#
#######.#...##.#######


You could see a sky beast.

Vanquished Creatures
  A necrophage (D:4)
  4 ogres (D:4)
  3 hounds (D:4)
  A gnoll shaman (D:5)
  An orc priest (D:3)
  Jessica (D:3)
  An iguana (D:5)
  Ijyb (D:3)
  4 orc wizards
  A hound skeleton (D:4)
  A howler monkey zombie (D:4)
  Robin (D:3)
  5 gnolls
  5 adders
  2 worms
  2 dart slugs
  9 orcs
  9 ball pythons
  3 bats
  6 endoplasms
  4 giant cockroaches
  12 goblins
  8 hobgoblins
  14 jackals
  2 quokkas (D:1)
  2 frilled lizards (D:2)
  4 kobolds
  A quokka skeleton (D:4)
  5 rats
113 creatures vanquished.

Notes
Turn   | Place    | Note
-------+----------+-------------------------------------------
     0 | D:1      | sking99 the Djinni Transmuter began the quest for the Orb.
     0 | D:1      | Reached XP level 1. HP: 17/17 MP: 0/0
   437 | D:1      | Reached XP level 2. HP: 15/22 MP: 0/0
   984 | D:1      | Found Agiyjum's Assorted Antiques.
  1458 | D:1      | Reached XP level 3. HP: 16/27 MP: 0/0
  1458 | D:1      | Learned a level 1 spell: Apportation
  2092 | D:1      | Found a faded altar of an unknown god.
  2109 | D:1      | Became a worshipper of Dithmenos the Shadowed
  2109 | D:1      | Reached * piety under Dithmenos
  2467 | D:1      | Reached XP level 4. HP: 27/33 MP: 0/0
  2609 | D:1      | Reached skill level 4 in Unarmed Combat
  4202 | D:3      | Noticed Jessica
  4214 | D:3      | Killed Jessica
  4215 | D:3      | Reached XP level 5. HP: 24/39 MP: 0/0
  4215 | D:3      | Learned a level 2 spell: Blink
  4493 | D:2      | Reached ** piety under Dithmenos
  4846 | D:3      | Reached XP level 6. HP: 45/45 MP: 0/0
  5083 | D:3      | Noticed Robin
  5103 | D:3      | Killed Robin
  5104 | D:3      | Reached skill level 5 in Unarmed Combat
  5325 | D:3      | Noticed Ijyb
  5338 | D:3      | Killed Ijyb
  5703 | D:4      | Noticed an ogre
  5714 | D:4      | Killed an ogre
  5749 | D:4      | Reached XP level 7. HP: 35/50 MP: 0/0
  5749 | D:4      | Learned a level 3 spell: Frozen Ramparts
  5920 | D:4      | Reached skill level 6 in Unarmed Combat
  6278 | D:4      | Found a stormy altar of Qazlal.
  6673 | D:4      | Reached XP level 8. HP: 58/58 MP: 0/0
  7031 | D:4      | Reached skill level 7 in Unarmed Combat
  7439 | D:5      | Entered Level 5 of the Dungeon
  7817 | D:5      | Found a basalt altar of Yredelemnul.
  7818 | D:5      | Found a bloodstained altar of Trog.
  7875 | D:5      | HP: 1/58 [sky beast (4)]
  7875 | D:5      | Slain by a sky beast

Illustrated notes

Levels and vault maps discovered:
D:1:      saegor_arrival_simple_e, layout_basic, serial_shops, shop,
          hellmonk_ecumenical_altar_arch_garden
D:2:      layout_rooms, roderic_serpentine_path, kennysheep_path_1
D:3:      layout_loops_ring, dk_noncrumbling_4, uniq_jessica, uniq_robin,
          uniq_ijyb
D:4:      layout_gridville, grunt_qazlal_sundering, minmay_crossroads
D:5:      layout_loops_ring, mainiacjoe_overflow_divided_tiny

Skill      XL: |  1  2  3  4  5  6  7  8 |
---------------+-------------------------+-----
Spellcasting   | 2 3 |  3.4
Fighting       | 2 3 4 |  4.6
Unarmed Combat | 4 5 6 7 |  7.3
Dodging        | |  2.1

Action                   |  1- 3 |  4- 6 |  7- 9 || total
-------------------------+-------+-------+-------++-------
Melee: Unarmed           |   132 |   179 |   161 ||   472
       Headbutt          |     3 |     2 |       ||     5
       Punch             |       |       |     8 ||     8
 Cast: Beastly Appendage |     7 |     1 |       ||     8
       Wereblood         |     1 |     1 |     3 ||     5
       Apportation       |     1 |     3 |       ||     4
       Spider Form       |       |     7 |     6 ||    13
       Blink             |       |     1 |       ||     1
       Frozen Ramparts   |       |       |     3 ||     3
 Stab: Sleeping          |     1 |     3 |     1 ||     5
Armor: Robe              |    20 |    19 |    14 ||    53
       Skin              |       |     4 |       ||     4
Dodge: Dodged            |    92 |   107 |   104 ||   303
